 Dungeon Crawl Stone Soup version 0.28.0-43-g3370ac3207 (webtiles) character file.

Game seed: 6341006871873205934

2810 adizb the Blocker (level 10, 0/80 HPs)
             Began as a Human Fighter on Mar 17, 2022.
             Slain by a gnoll shaman
             ... wielding a +0 halberd
              (15 damage)
             ... in a bailey.
             The game lasted 00:43:50 (6048 turns).

adizb the Blocker (Human Fighter)                   Turns: 6048, Time: 00:43:51

Health: 0/80       AC: 15    Str: 19    XL:     10   Next: 2%
Magic:  10/10      EV:  8    Int:  8    God:
Gold:   279        SH: 17    Dex: 15    Spells: 9/9 levels left

rFire   . . .      SeeInvis .   A - +0 whip (venom)
rCold   . . .      Faith    .   i - +0 kite shield
rNeg    + . .      Spirit   .   y - +0 pearl dragon scales
rPois   .          Reflect  +   j - +1 hat
rElec   .          Harm     .   E - +0 cloak
rCorr   .          Rampage  .   B - +0 pair of gloves
Will    .....      Rage     1%  F - +0 pair of boots
Stlth   ..........              h - amulet of reflection
HPRegen 0.23/turn               (no ring)
MPRegen 0.12/turn               (no ring)

@: mighty, studying Staves
A: berserk 1
a: no special abilities


You were in a bailey.
You visited 1 branch of the dungeon, and saw 7 of its levels.
You also visited: Bailey.

You collected 360 gold pieces.
You spent 81 gold pieces at shops.

Inventory:

Hand Weapons
 a - a +2 rapier
 c - a +2 vorpal falchion
 r - a +0 war axe
 w - a +0 morningstar
 A - a +0 whip of venom (weapon)
Missiles
 e - 3 boomerangs
 g - 6 poisoned darts (quivered)
 G - a throwing net
Armour
 i - a +0 kite shield (worn)
 j - a +1 hat (worn)
 y - +0 pearl dragon scales (worn)
 B - a +0 pair of gloves (worn)
 C - a +0 plate armour
 E - a +0 cloak (worn)
 F - a +0 pair of boots (worn)
Magical Staves
 l - a staff of earth
Jewellery
 h - an amulet of reflection (around neck)
 u - an amulet of guardian spirit
Wands
 b - a wand of iceblast (5)
Scrolls
 s - a scroll of fear {unknown}
 t - 4 scrolls of teleportation
 v - a scroll of blinking {unknown}
Potions
 d - 4 potions of might
 k - a potion of resistance {unknown}
 m - 2 potions of haste
 o - a potion of brilliance {unknown}
 p - 2 potions of magic
 q - a potion of degeneration {unknown}
 x - a potion of flight {unknown}
 z - a potion of lignification
 D - a potion of curing


   Skills:
 + Level 8.1 Fighting
 - Level 2.0 Short Blades
 - Level 3.0 Armour
 * Level 11.1 Shields


You had 9 spell levels left.
You didn't know any spells.
Your spell library contained the following spells:

 Spells                   Type           Power      Damage    Failure   Level
 Foxfire                  Conj/Fire      0%         2x1d4     98%         1
 Slow                     Hex            0%         N/A       98%         1
 Confusing Touch          Hex            0%         N/A       100%        3
 Conjure Flame            Conj/Fire      0%         6-21      100%        3
 Gell's Gravitas          Tloc           0%         N/A       100%        3
 Inner Flame              Hex/Fire       0%         N/A       100%        3
 Lesser Beckoning         Tloc           0%         N/A       100%        3
 Teleport Other           Tloc           0%         N/A       100%        3
 Vampiric Draining        Necr           0%         2d6       100%        3
 Flame Wave               Conj/Fire      0%         2d4       100%        4


Dungeon Overview and Level Annotations

Branches:
Dungeon (7/15)             Bailey (1/1)
 Temple: D:4-7

Altars:
Dithmenos
Gozag
Kikubaaqudgha
Makhleb
The Shining One

Shops:
D:1 [   D:4 *   D:6 *


Innate Abilities, Weirdness & Mutations

You tend to lose your temper in combat.


Message History

You block the gnoll's attack.
You have reached level 10!
You block the gnoll's attack. You block the gnoll shaman's attack.
The gnoll closely misses you.
You hit the gnoll but do no damage.
The gnoll is poisoned.
The gnoll hits you but does no damage. You block the gnoll shaman's attack.
You hit the gnoll.
The gnoll is moderately wounded.
The gnoll hits you with a +0 trident!
* * * LOW HITPOINT WARNING * * *
The gnoll hits you with a +0 trident.
* * * LOW HITPOINT WARNING * * *
The gnoll shaman hits you with a +0 halberd.
* * * LOW HITPOINT WARNING * * *
You feel much better. You block the gnoll's attack.
The gnoll shaman hits you with a +0 halberd!
* * * LOW HITPOINT WARNING * * *
You block the gnoll's attack.
You hit the gnoll but do no damage.
The gnoll looks even sicker.
The gnoll is heavily wounded.
You block the gnoll's attack. The gnoll shaman closely misses you.
You barely miss the gnoll.
The gnoll is heavily wounded.
The gnoll hits you with a +0 trident.
* * * LOW HITPOINT WARNING * * *
You block the gnoll shaman's attack. You block the gnoll's attack.
The gnoll barely misses you. You block the gnoll shaman's attack.
The gnoll hits you from afar with a +0 trident.
* * * LOW HITPOINT WARNING * * *
There is an empty arch of ancient stone here.
Throw: 7 darts (poison)
Press: ? - help, Q - select action, (/) - cycle Shift-Dir - straight line, f/p - gnoll
Aim: a gnoll, wielding a +0 trident and wearing a +0 chain mail (severely wounded, fast, very poisoned, 73% to hit)
You throw a poisoned dart.
The poisoned dart barely misses the gnoll.
You feel very mighty all of a sudden. You block the gnoll's attack.
You block the gnoll shaman's attack. You block the gnoll's attack.
The gnoll closely misses you.
The gnoll shaman hits you with a +0 halberd!
You die...

#...≈≈♣♣ ###..≈.♣
#..≈.♣♣ #..≈..♣♣ ###
#..≈...♣ ..##
#..≈...♣
)..######.(≈...♣♣
.)..#)).'......g♣♣♣#
8..)')).'.†....g@.∩#
....#)..'......)♣♣♣#
†..######..≈...♣♣
..## #..≈..♣♣ ###
#..≈..♣ #..≈..♣
#..≈.♣♣ ###..≈.♣ #
#...≈≈♣♣


You could see a gnoll shaman and a gnoll (fast, very poisoned).

Vanquished Creatures
  Eustachio (D:5)
  Menkaure (D:5)
  A water moccasin (D:6)
  An orc warrior (D:6)
  An ice beast (D:6)
  A sky beast (D:5)
  A necrophage (D:3)
  4 ogres (D:6)
  2 wolves (Bailey)
  A centaur (D:6)
  A bullfrog (D:6)
  A scorpion (D:4)
  6 gnoll sergeants
  2 water moccasin skeletons
  2 vampire bats (D:6)
  A centaur skeleton (D:6)
  2 orc priests (D:6)
  7 hounds
  4 gnoll shamans
  An iguana (D:5)
  2 killer bee zombies
  21 gnolls
  6 adders
  3 river rats (D:6)
  An ufetubus (D:4)
  An adder skeleton (D:3)
  4 dart slugs
  18 orcs
  11 ball pythons
  5 bats
  3 bat skeletons (D:6)
  2 bat zombies (D:6)
  8 endoplasms
  3 giant cockroaches
  9 goblins
  4 hobgoblins
  2 quokkas
  2 frilled lizards
  6 kobolds
  6 rats
158 creatures vanquished.

Notes
Turn   | Place    | Note
-------+----------+-------------------------------------------
     0 | D:1      | adizb the Human Fighter began the quest for the Orb.
     0 | D:1      | Reached XP level 1. HP: 18/18 MP: 1/1
   268 | D:1      | Reached XP level 2. HP: 22/24 MP: 2/2
   795 | D:1      | Reached XP level 3. HP: 29/29 MP: 3/3
   834 | D:1      | Found Luext's Antique Armour Shop.
  1353 | D:2      | Reached skill level 4 in Shields
  1426 | D:2      | Found a faded altar of an unknown god.
  1453 | D:3      | Reached XP level 4. HP: 35/35 MP: 4/4
  1912 | D:3      | Gained mutation: Potions are less effective at restoring
                  | your health. [potion of mutation]
  1912 | D:3      | Gained mutation: Your flesh is heat resistant. (rF+)
                  | [potion of mutation]
  1912 | D:3      | Lost mutation: Your flesh is heat resistant. (rF+) [potion
                  | of mutation]
  1913 | D:3      | Lost mutation: Potions are less effective at restoring your
                  | health. [potion of mutation]
  1913 | D:3      | Gained mutation: You tend to lose your temper in combat.
                  | [potion of mutation]
  2466 | D:4      | Noticed a necrophage
  2481 | D:3      | Killed a necrophage
  2482 | D:3      | Reached skill level 5 in Shields
  2482 | D:3      | Reached XP level 5. HP: 32/42 MP: 5/5
  2510 | D:4      | Reached XP level 6. HP: 34/49 MP: 6/6
  2627 | D:3      | Reached skill level 6 in Shields
  2862 | D:4      | Reached XP level 7. HP: 46/55 MP: 7/7
  3001 | D:4      | Found Heblirun's Assorted Antiques.
  3038 | D:4      | Bought a bubbling pink potion for 25 gold pieces
  3038 | D:4      | Bought a scroll of identify for 56 gold pieces
  3148 | D:5      | Entered Level 5 of the Dungeon
  3181 | D:5      | Reached skill level 5 in Fighting
  3327 | D:4      | Reached skill level 7 in Shields
  3423 | D:5      | Noticed Eustachio
  3441 | D:5      | Killed Eustachio
  3442 | D:5      | Reached XP level 8. HP: 43/64 MP: 8/8
  3455 | D:5      | Found a glowing golden altar of the Shining One.
  3455 | D:5      | Found a shadowy altar of Dithmenos.
  3498 | D:5      | Noticed Menkaure
  3516 | D:5      | Killed Menkaure
  3517 | D:5      | Reached skill level 8 in Shields
  4077 | D:6      | Found an ancient bone altar of Kikubaaqudgha.
  4095 | D:6      | Reached skill level 9 in Shields
  4119 | D:6      | Found an opulent altar of Gozag.
  4145 | D:6      | Found a burning altar of Makhleb.
  4159 | D:6      | Reached XP level 9. HP: 66/71 MP: 9/9
  4556 | D:6      | Found Were's General Store.
  4658 | D:6      | Reached skill level 10 in Shields
  5225 | D:7      | Found a flagged portal.
  5238 | Bailey   | Entered a bailey
  5983 | Bailey   | Reached skill level 11 in Shields
  6034 | Bailey   | Reached XP level 10. HP: 25/80 MP: 10/10
  6048 | Bailey   | Slain by a gnoll shaman

Illustrated notes

Levels and vault maps discovered:
D:1:      dpeg_arrival_castle, layout_loops_ring, serial_rivers,
          chequers_serial_rivers_micro_c, chequers_serial_rivers_micro_e,
          chequers_serial_rivers_room_b, chequers_serial_rivers_micro_a,
          chequers_serial_rivers_small_3, chequers_serial_rivers_room_b,
          serial_shops, shop, hangedman_glass_teeth, minivault_11,
          minmay_stone_trees_medium, minmay_octomino_c4
D:2:      layout_rooms, basic_ecumenical_altar
D:3:      layout_basic
D:4:      layout_cave_pools, serial_shops, nicolae_shop_overgrown_old_shop
D:5:      layout_cave_pools, gammafunk_temple_overflow_wave, uniq_menkaure,
          uniq_eustachio
D:6:      layout_loops_corners, general_overflow_altar,
          kennysheep_vampire_church, nicolae_gozag_seed_capital,
          portal_sewer_entry_e, kennysheep_windowed_goal
D:7:      layout_cave_pods, pdpol_wu_jian_five_deadly_venoms,
          minmay_temple_entry_drinking_statues, enter_bailey_3,
          uniq_prince_ribbit1
Bailey:   bailey_polearm_gnolls_kennysheep, bailey

Skill      XL: |  1  2  3  4  5  6  7  8  9 |
---------------+----------------------------+-----
Shields        | 4 5 6 7 9 11 | 11.1
Fighting       | 4 5 6 8 |  8.1
Short Blades   | |  2.0
Armour         | |  3.0

Action                   |  1- 3 |  4- 6 |  7- 9 | 10-12 || total
-------------------------+-------+-------+-------+-------++-------
Melee: Rapier            |   103 |   130 |   115 |       ||   348
       Whip              |       |       |   280 |     4 ||   284
       Falchion          |       |       |    91 |       ||    91
Throw: Dart              |       |       |    14 |     1 ||    15
       Throwing net      |       |       |     3 |       ||     3
       Boomerang         |       |       |     1 |       ||     1
  Use: Scroll            |     5 |     5 |     6 |       ||    16
       Potion            |       |     2 |     3 |     2 ||     7
 Stab: Held in net/web   |       |       |     1 |       ||     1
Armor: Scale mail        |    39 |    31 |       |       ||    70
       Pearl dragon scal |       |       |   233 |     1 ||   234
Dodge: Dodged            |    25 |    31 |   159 |     4 ||   219
Block: Kite shield       |    58 |   104 |   590 |    12 ||   764
       Reflection        |       |     4 |    12 |       ||    16
